 Dungeon Crawl Stone Soup version 0.23.2-1-ga50397a6bc (webtiles) character file.

Game seed: 10273412573312559844

133 Holzbalken the Poker (level 4, 0/49 HPs)
             Began as a Demonspawn Gladiator on May 30, 2019.
             Succumbed to an orc's poison
             ... on level 2 of the Dungeon.
             The game lasted 00:08:52 (2048 turns).

Holzbalken the Poker (Demonspawn Gladiator)         Turns: 2048, Time: 00:08:53

Health: 0/49       AC:  6    Str: 21    XL:     4   Next: 93%
Magic:  3/4        EV: 12    Int:  9    God:
Gold:   56         SH:  0    Dex: 14    Spells: 3/3 levels left

rFire    . . .     SeeInvis .   a - +0 trident
rCold    . . .     Gourm    .   (no shield)
rNeg     . . .     Faith    .   h - +0 ring mail
rPois    .         Spirit   +   c - +0 helmet
rElec    .         Reflect  .   (no cloak)
rCorr    .         Harm     .   (no gloves)
MR       .....                  (no boots)
Stlth    ..........             (no amulet)
HPRegen  0.16/turn              (no ring)
MPRegen  0.18/turn              (no ring)

@: berserking (expiring), lethally poisoned (0 -> -13), very quick
A: magic shield, magic regeneration
a: no special abilities


You were on level 2 of the Dungeon.
You were not hungry.

You visited 1 branch of the dungeon, and saw 3 of its levels.

You collected 56 gold pieces.

Inventory:

Hand Weapons
 a - a +0 trident (weapon)
Missiles
 d - 3 throwing nets (quivered)
Armour
 b - a +0 leather armour
 c - a +0 helmet (worn)
 h - a +0 ring mail (worn)
 q - a +0 chain mail
Scrolls
 e - a scroll of teleportation {unknown}
 j - a scroll of blinking {unknown}
 k - 4 scrolls of identify {unknown}
 l - 2 scrolls of remove curse {unknown}
 o - a scroll of enchant armour {unknown}
 p - 3 scrolls of fog {unknown}
Potions
 g - a potion of heal wounds {unknown}
 i - a potion of berserk rage
 m - a potion of haste {unknown}
Comestibles
 f - 3 rations
 n - 7 chunks of flesh


   Skills:
 - Level 2.0 Fighting
 + Level 5.2 Polearms
 - Level 1.7 Throwing
 - Level 2.6 Dodging


You had 3 spell levels left.
You didn't know any spells.
Your spell library was empty.

Dungeon Overview and Level Annotations

Branches:
Dungeon (3/15)

Altars:
Nemelex Xobeh

Annotations:
D:3 Robin


Innate Abilities, Weirdness & Mutations

When hurt, damage is shared between your health and your magic reserves.
You regenerate magic rapidly.


Message History

* * * LOW HITPOINT WARNING * * *
You feel sick. The goblin hits you but does no damage.
You closely miss the goblin.
* * * LOW HITPOINT WARNING * * *
You feel sick.
You hit the goblin.
The goblin is heavily wounded.
* * * LOW HITPOINT WARNING * * *
You feel sick. The goblin misses you.
You impale the goblin!!
You kill the goblin!
* * * LOW HITPOINT WARNING * * *
You feel sick.
You are too berserk!
* * * LOW HITPOINT WARNING * * *
You feel sick.
Items here: ))) ÷ † a +0 club x2; a +0 dagger; a hobgoblin corpse; a hobgoblin skeleton You feel a strong urge to attack something.
You die...

# ##.# #...).....(## #.# ##
###..# #..^......## #.# .#
#....# #.........# #.#
.#####<...# ###.######## #.#
..........# #.....# ##.#
..........# #.....# #...
#####.....####.....# #... #
##.......#))...###########...
#######.)>)@................
###################... #...
#... #... ####


There were no monsters in sight!

Vanquished Creatures
  A worker ant (D:2)
  4 adders (D:2)
  3 worms (D:2)
  4 leopard geckos
  An orc (D:2)
  A ball python (D:1)
  5 giant cockroaches
  13 goblins
  8 hobgoblins
  7 kobolds
  A quokka (D:2)
  3 bats
  A frilled lizard (D:2)
  6 rats
58 creatures vanquished.

Notes
Turn   | Place    | Note
-------+----------+-------------------------------------------
     0 | D:1      | Holzbalken the Demonspawn Gladiator began the quest for the
                  | Orb.
     0 | D:1      | Reached XP level 1. HP: 16/16 MP: 1/1
    48 | D:1      | Reached skill level 3 in Polearms
   137 | D:1      | Gained mutation: When hurt, damage is shared between your
                  | health and your magic reserves. [demonic ancestry]
   137 | D:1      | Reached XP level 2. HP: 22/22 MP: 2/2
   804 | D:2      | Gained mutation: You regenerate magic rapidly. [demonic
                  | ancestry]
   804 | D:2      | Reached XP level 3. HP: 22/27 MP: 1/3
   820 | D:2      | Reached skill level 4 in Polearms
  1110 | D:2      | Reached XP level 4. HP: 31/33 MP: 2/4
  1239 | D:2      | Found a faded altar of an unknown god.
  1432 | D:2      | Found a sparkling altar of Nemelex Xobeh.
  1632 | D:2      | Reached skill level 5 in Polearms
  1797 | D:3      | Noticed Robin
  2046 | D:2      | HP: 2/49 [poisoned by an orc]
  2048 | D:2      | Succumbed to an orc's poison

Skill      XL: |  1  2  3  4 |
---------------+-------------+-----
Polearms       | 3 4 5 |  5.2
Fighting       | |  2.0
Throwing       | |  1.7
Dodging        | |  2.6

Action                   |  1- 3 |  4- 6 || total
-------------------------+-------+-------++-------
Melee: Trident           |   100 |    88 ||   188
  Use: Potion            |       |     1 ||     1
  Eat: Chunk             |     1 |     3 ||     4
Armor: Ring mail         |    21 |    47 ||    68
       Leather armour    |     2 |       ||     2
Dodge: Dodged            |    44 |    54 ||    98
